 Dungeon Sprint DCSS version 0.19.3-4-gbf9329e (webtiles) character file.

382 Kagutsuchi the Fighter (level 6, -3/63 HPs)
             Began as a Draconian Berserker on Jan 28, 2017.
             Was a Believer of Trog.
             Slain by a neqoxec (15 damage)
             ... in the Dungeon (Sprint II: "The Violet Keep of Menkaure").
             The game lasted 00:00:25 (32 turns).

Kagutsuchi the Fighter (Draconian Berserker)          Turns: 32, Time: 00:00:25

Health: -3/63      AC:  6    Str: 20    XL:     6   Next: 47%
Magic:  6/6        EV: 16    Int:  7    God:    Trog [**....]
Gold:   0          SH:  0    Dex: 12    Spells: 0 memorised, 5 levels left

rFire  . . .     SeeInvis .     a - +0 falchion
rCold  . . .     Gourm    .     (armour unavailable)
rNeg   . . .     Faith    .     (no shield)
rPois  .         Spirit   .     (helmet restricted)
rElec  .         Reflect  .     (no cloak)
rCorr  .         Harm     .     (no gloves)
MR     .....     NoTele   +     (no boots)
Stlth  +.........               (no amulet)
                                (no ring)
                                (no ring)

@: exhausted, slowed, very slow
A: unfitting armour, deterioration 1, cold-blooded, subdued magic 1, AC +6
a: Berserk, Trog's Hand, Burn Spellbooks, Renounce Religion


You were in the Dungeon.
You worshipped Trog.
Trog was pleased with you.
You were not hungry.

You visited 1 branch

Inventory:

Hand Weapons
 a - a +0 falchion (weapon)
Scrolls
 h - a scroll of blinking
Potions
 c - a potion of curing
 e - a potion of haste
 f - 2 potions of magic
 g - a potion of berserk rage
Comestibles
 b - a bread ration


   Skills:
 + Level 9.1 Fighting
 + Level 8.9 Long Blades
 + Level 8.0 Dodging


You had 5 spell levels left.
You didn't know any spells.

Dungeon Overview and Level Annotations

Branches:
Dungeon (1/1)

Altars:


Innate Abilities, Weirdness & Mutations

Your plain brown scales are hard. (AC +6)
You cannot fit into any form of body armour.
You are cold-blooded and may be slowed by cold attacks.
Your body sometimes deteriorates upon taking damage.
Your spells are a little easier to cast, but a little less powerful.


Message History

You feel yourself wasting away.
You hit the neqoxec.
Your tail-slap misses the neqoxec.
The neqoxec is moderately wounded.
The neqoxec hits you! The neqoxec hits you.
* * * LOW HITPOINT WARNING * * *
You closely miss the neqoxec.
The neqoxec is moderately wounded.
The neqoxec completely misses you.
You barely miss the neqoxec.
The neqoxec is moderately wounded.
The neqoxec closely misses you.
You riposte.
You hit the neqoxec.
The neqoxec is moderately wounded.
You barely miss the neqoxec. You tail-slap the neqoxec.
The neqoxec is moderately wounded.
The neqoxec hits you.
* * * LOW HITPOINT WARNING * * *
You hit the neqoxec but do no damage. You tail-slap the neqoxec.
The neqoxec is heavily wounded.
The neqoxec hits you!
You die...

## # #.###+#
w##
#.3##.##.w.#
#@'.<.+#
#.##.##.#
#.###+# w#
## #


You could see a neqoxec.

Vanquished Creatures
  3 neqoxecs (D)
3 creatures vanquished.

Vanquished Creatures (others)
  Menkaure (D)
  A crocodile (D)
2 creatures vanquished.

Grand Total: 5 creatures vanquished

Notes
Turn   | Place    | Note
-------+----------+-------------------------------------------
     0 | D        | Kagutsuchi the Draconian Berserker began the quest for the Orb.
     0 | D        | Reached XP level 1. HP: 19/19 MP: 1/1
     5 | D        | Noticed a neqoxec
     5 | D        | Noticed a neqoxec
     5 | D        | Noticed a neqoxec
     5 | D        | Noticed a neqoxec
    11 | D        | Killed a neqoxec
    11 | D        | Reached skill level 6 in Fighting
    11 | D        | Reached skill level 5 in Dodging
    11 | D        | Reached XP level 2. HP: 31/31 MP: 2/2
    11 | D        | Reached XP level 3. HP: 38/38 MP: 3/3
    11 | D        | Reached XP level 4. HP: 45/45 MP: 4/4
    20 | D        | Killed a neqoxec
    20 | D        | Reached ** piety under Trog
    20 | D        | Reached skill level 8 in Fighting
    20 | D        | Reached XP level 5. HP: 36/53 MP: 5/5
    22 | D        | Killed a neqoxec
    22 | D        | Reached skill level 9 in Fighting
    22 | D        | Reached XP level 6. HP: 43/63 MP: 6/6
    24 | D        | Gained mutation: Your spells are a little easier to cast, but a little less powerful. [a neqoxec]
    26 | D        | Killed Menkaure
    27 | D        | Gained mutation: Your body sometimes deteriorates upon taking damage. [a neqoxec]
    32 | D        | Slain by a neqoxec

Skill      XL: |  1  2  3  4  5 |
---------------+----------------+-----
Fighting       | 6 8 9 |  9.1
Long Blades    | 6 7 8 |  8.9
Dodging        | 5 7 8 |  8.0

Action                   |  1- 3 |  4- 6 || total
-------------------------+-------+-------++-------
Melee: Falchion          |     5 |    18 ||    23
       Tailslap          |       |     6 ||     6
Invok: Berserk           |     1 |       ||     1
  Use: Potion            |       |     1 ||     1
Armor: Skin              |     1 |       ||     1
Dodge: Dodged            |     2 |     4 ||     6
       Rpst.: Falchion   |       |     2 ||     2
